 Dungeon Crawl Stone Soup version 0.21-a0-528-gf531e82 (webtiles) character file.

22 robertstho the Magician (level 2, -3/15 HPs)
             Began as a Deep Elf Air Elementalist on Dec 9, 2017.
             Slain by a hobgoblin
             ... wielding a +0 club
              (4 damage)
             ... on level 2 of the Dungeon.
             The game lasted 00:02:28 (1033 turns).

robertstho the Magician (Deep Elf Air Elementalist) Turns: 1033, Time: 00:02:28

Health: -3/15      AC:  3    Str:  5    XL:     2   Next: 68%
Magic:  1/8        EV: 12    Int: 19    God:
Gold:   33         SH:  0    Dex: 15    Spells: 5/8 levels left

rFire    . . .     SeeInvis .   i - +2 dagger (drain)
rCold    . . .     Gourm    .   (no shield)
rNeg     . . .     Faith    .   h - +0 leather armour (curse)
rPois    .         Spirit   .   (no helmet)
rElec    .         Reflect  .   (no cloak)
rCorr    .         Harm     .   (no gloves)
MR       .....                  (no boots)
Stlth    +++.......             (no amulet)
HPRegen  0.05/turn              l - ring of stealth
MPRegen  0.11/turn              (no ring)

@: lethally poisoned (-3 -> -11), very slightly contaminated
A: no striking features
a: no special abilities


You were on level 2 of the Dungeon.
You were not hungry.

You visited 1 branch of the dungeon, and saw 2 of its levels.

You collected 33 gold pieces.

Inventory:

Hand Weapons
 f - a +0 dagger
 i - a +2 dagger of draining (weapon)
Missiles
 k - 17 bolts
Armour
 a - a +0 robe
 h - a cursed +0 leather armour (worn)
Jewellery
 l - a ring of stealth (left hand)
Scrolls
 e - a scroll of identify {unknown}
 g - a scroll of enchant armour {unknown}
 j - a scroll of teleportation {unknown}
 n - a scroll of blinking {unknown}
Potions
 d - a potion of curing {unknown}
Books
 b - a book of Air

   Spells                             Type                      Level
   a - Shock                          Conjuration/Air              1
   b - Swiftness                      Charms/Air                   2
   c - Static Discharge               Conjuration/Air              3
   d - Airstrike                      Air                          4
   e - Lightning Bolt                 Conjuration/Air              5
Comestibles
 c - a bread ration
 m - a royal jelly


   Skills:
 + Level 2.6 Dodging
 - Level 2.4 Stealth
 * Level 3.8 Spellcasting
 + Level 1.1 Conjurations
 + Level 3.4 Air Magic


You had 5 spell levels left.
You knew the following spells:

 Your Spells              Type           Power        Failure   Level  Hunger
a - Shock                 Conj/Air       ##..         9%          1    None
b - Swiftness             Chrm/Air       ##......     17%         2    ##.....


Dungeon Overview and Level Annotations

Branches:
Dungeon (2/15)

Altars:


Message History

Casting: Shock
Confirm with . or Enter, or press ? or * to list all spells.
Aiming: Shock
Press: ? - help, Shift-Dir - straight line The zap hits the adder.
The adder is severely wounded.
The adder bites you.
Casting: Shock
Confirm with . or Enter, or press ? or * to list all spells.
Aiming: Shock
Press: ? - help, Shift-Dir - straight line The zap misses the adder.
The adder bites you.
You are lethally poisoned!
The adder poisons you! The adder misses you.
The hobgoblin hits you with a club.
* * * LOW HITPOINT WARNING * * *
* * * LOW HITPOINT WARNING * * *
You feel sick. The adder bites you but does no damage.
The hobgoblin hits you with a club.
You die...

### ..# #.#
######.#####..
#.....Sr......
#@#
........g......
............#..
##.####.###....
# #.# #.. ..# .
.## .


You could see an adder, a hobgoblin and a rat.

Vanquished Creatures
  2 dart slugs (D:1)
  A leopard gecko (D:1)
  A bat (D:1)
  4 goblins (D:1)
  2 hobgoblins (D:1)
  4 kobolds
  2 rats (D:1)
16 creatures vanquished.

Vanquished Creatures (others)
  4 toadstools (D:1)
4 creatures vanquished.

Grand Total: 20 creatures vanquished

Notes
Turn   | Place    | Note
-------+----------+-------------------------------------------
     0 | D:1      | robertstho the Deep Elf Air Elementalist began the quest for the Orb.
     0 | D:1      | Reached XP level 1. HP: 10/10 MP: 6/6
   458 | D:1      | Reached XP level 2. HP: 15/15 MP: 1/8
   462 | D:1      | Learned a level 2 spell: Swiftness
  1033 | D:2      | Slain by a hobgoblin

Vault maps used:
D:1:      ldierk_water_garden, roderic_lattice_a
D:2:      grunt_qazlal_clouds, nicolae_dithmenos_shadow_blocks, uniq_robin

Action                   || total
-------------------------++-------
Melee: Dagger            ||     9
 Cast: Shock             ||    41
Armor: Robe              ||     1
       Leather armour    ||     1
Dodge: Dodged            ||    13

Table legend:
 A = Spawn XP
 B = Non-spawn XP
 C = Spawn XP percentage of total XP
 D = Spawn monster count
 E = Non-spawn monster count
 F = Spawn count percentage of total count
 G = Total turns spent on level
                    A         B        C        D         E        F      G
               +---------+---------+-------+---------+---------+-------+---------
         Total |       0 |      32 |   0.0 |       0 |      16 |   0.0 |  1033
               +---------+---------+-------+---------+---------+-------+---------
           D:1 |       0 |      30 |   0.0 |       0 |      15 |   0.0 |  1025
           D:2 |       0 |       2 |   0.0 |       0 |       1 |   0.0 |     8
               +---------+---------+-------+---------+---------+-------+---------
